 Dungeon Crawl Stone Soup version 0.28.0-45-g0d030f2227 (webtiles) character file.

Game seed: 7996406383285629775

321 protoss039 the Skirmisher (level 6, -1/48 HPs)
             Began as a Demonspawn Earth Elementalist on May 16, 2022.
             Slain by a kobold brigand
             ... wielding a +0 short sword
              (7 damage)
             ... in a sewer.
             The game lasted 00:07:18 (4359 turns).

protoss039 the Skirmisher (DsEE)                    Turns: 4359, Time: 00:07:18

Health: -1/48      AC:  3    Str:  8    XL:     6   Next: 22%
Magic:  6/10       EV: 12    Int: 21    God:
Gold:   41         SH:  4    Dex: 13    Spells: 5/11 levels left

rFire   x . .      SeeInvis .   c - +2 club (spect)
rCold   + . .      Faith    .   (no shield)
rNeg    . . .      Spirit   .   b - +0 robe
rPois   .          Reflect  .   (helmet restricted)
rElec   .          Harm     .   (no cloak)
rCorr   .          Rampage  .   j - +0 pair of gloves
Will    .....                   (no boots)
Stlth   +.........              (no amulet)
HPRegen 0.16/turn               o - ring of ice
MPRegen 0.12/turn               p - ring of wizardry

@: lethally poisoned (-1 -> -11), very slow
A: horns 1, big brain 1, condensation shield
a: no special abilities


You were in a sewer.
You visited 1 branch of the dungeon, and saw 3 of its levels.
You also visited: Sewer.

You collected 41 gold pieces.

Inventory:

Hand Weapons
 c - a +2 spectral club (weapon)
Missiles
 a - 24 stones
Armour
 b - a +0 robe (worn)
 j - a +0 pair of gloves (worn)
 n - a +0 helmet
Magical Staves
 d - a staff of fire
Jewellery
 o - a ring of ice (left hand)
 p - a ring of wizardry (right hand)
Scrolls
 e - a scroll of enchant armour {unknown}
 g - a scroll of fear {unknown}
 k - a scroll of enchant weapon {unknown}
 m - 2 scrolls of teleportation {unknown}
Potions
 f - a potion of heal wounds
 h - a potion of mutation {unknown}
 i - a potion of brilliance
 l - a potion of lignification {unknown}
 q - a potion of haste {unknown}
 r - a potion of cancellation {unknown}


   Skills:
 * Level 3.9 Fighting
 - Level 1.7 Dodging
 - Level 1.7 Stealth
 + Level 3.2 Spellcasting
 + Level 2.0 Conjurations
 - Level 1.0 Transmutations
 + Level 3.7 Earth Magic


You had 5 spell levels left.
You knew the following spells:

 Your Spells              Type           Power      Damage    Failure   Level
a - Sandblast             Erth           38%        2d10      1%          1
b - Passwall              Tmut/Erth      10%        N/A       3%          2
c - Stone Arrow           Conj/Erth      30%        3d8       4%          3

Your spell library contained the following spells:

 Spells                   Type           Power      Damage    Failure   Level
 Tukima's Dance           Hex            3%         N/A       16%         3
 Petrify                  Tmut/Erth      13%        N/A       19%         4
 Anguish                  Hex/Necr       1%         N/A       45%         4
 Enfeeble                 Hex            1%         N/A       100%        7


Dungeon Overview and Level Annotations

Branches:
Dungeon (3/15)              Sewer (1/1)

Altars:


Innate Abilities, Weirdness & Mutations

You have a pair of small horns on your head.
You have an unusually large brain. (Int +2)
A meltable shield of frost defends you. (SH +4)


Message History

Aim: a kobold brigand, wielding a +0 short sword and quivering poisoned darts (heavily wounded, 74% to hit)
The blast of sand hits the kobold brigand.
The kobold brigand is severely wounded.
You feel very sick.
The kobold brigand splashes around in the water.
The kobold hits you with a +2 dagger of venom.
You are lethally poisoned!
Unknown command.
Casting: Sandblast (safe; 1% risk of failure)
Confirm with . or Enter, or press ? or * to list all spells.
Aiming: Sandblast (safe; 1% risk of failure)
Press: ? - help, Shift-Dir - straight line, f/p - kobold brigand
Aim: a kobold brigand, wielding a +0 short sword and quivering poisoned darts (severely wounded, 74% to hit)
The blast of sand hits the kobold brigand!
The kobold brigand is almost dead.
* * * LOW HITPOINT WARNING * * *
You feel very sick.
The kobold brigand hits you with a +0 short sword!
* * * LOW HITPOINT WARNING * * *
The kobold misses you.
Unknown command.
Unknown command.
It was a potion of heal wounds.
You feel much better.
You feel very sick.
The kobold brigand hits you with a +0 short sword!
* * * LOW HITPOINT WARNING * * *
The kobold splashes around in the water.
Unknown command.
Unknown command.
Casting: Sandblast (safe; 1% risk of failure)
Confirm with . or Enter, or press ? or * to list all spells.
Aiming: Sandblast (safe; 1% risk of failure)
Press: ? - help, Shift-Dir - straight line, f/p - kobold brigand
Aim: a kobold brigand, wielding a +0 short sword and quivering poisoned darts (almost dead, 74% to hit)
The blast of sand hits the kobold brigand.
The kobold brigand is almost dead.
* * * LOW HITPOINT WARNING * * *
You feel very sick.
The kobold brigand hits you with a +0 short sword!
You die...

#.≈.#
#.≈≈
#.≈.#
#.≈≈
##..≈##
##≈≈≈
#...≈≈#
#≈≈≈≈
#.###≈#
#.### #≈#
#≈# #≈# #
##≈###≈##
##†###
#≈K≈#≈≈≈#
#.≈≈#≈
#@#≈#≈#≈#
#≈#†#≈
#K#K#≈#≈#
#≈#≈#)
#≈#≈#≈#≈#
#≈#≈#≈
#.#.#.#.#
#.#.#.
#########
######


You could see a kobold brigand and a kobold.

Vanquished Creatures
  A kobold brigand (Sewer)
  Jessica (D:2)
  Natasha (twice) (D:3)
  Robin (D:2)
  6 adders
  5 worms
  4 dart slugs
  15 ball pythons
  3 bats (D:2)
  9 endoplasms
  11 goblins
  5 hobgoblins (D:2)
  2 jackals (D:1)
  A quokka (D:1)
  2 frilled lizards (D:2)
  9 kobolds
  11 rats
88 creatures vanquished.

Notes
Turn   | Place    | Note
-------+----------+-------------------------------------------
     0 | D:1      | protoss039 the Demonspawn Earth Elementalist began the
                  | quest for the Orb.
     0 | D:1      | Reached XP level 1. HP: 13/13 MP: 3/3
    28 | D:1      | Reached skill level 1 in Transmutations
    80 | D:1      | Found a faded altar of an unknown god.
   302 | D:1      | Reached skill level 1 in Fighting
   308 | D:1      | Gained mutation: You have an unusually large brain. (Int
                  | +2) [demonic ancestry]
   308 | D:1      | Reached XP level 2. HP: 2/21 MP: 0/5
   370 | D:1      | Learned a level 2 spell: Passwall
  1949 | D:2      | Gained mutation: A meltable shield of frost defends you.
                  | (SH +4) [demonic ancestry]
  1949 | D:2      | Reached XP level 3. HP: 18/27 MP: 2/6
  2218 | D:2      | Learned a level 3 spell: Stone Arrow
  2489 | D:2      | Reached XP level 4. HP: 30/34 MP: 7/7
  2776 | D:2      | Noticed Jessica
  2779 | D:2      | Killed Jessica
  2780 | D:2      | Reached skill level 1 in Conjurations
  2879 | D:2      | Noticed Robin
  3480 | D:2      | Killed Robin
  3481 | D:2      | Reached XP level 5. HP: 41/41 MP: 5/9
  3572 | D:3      | Noticed Natasha
  3587 | D:3      | Killed Natasha
  3592 | D:3      | Found a glowing drain.
  3614 | D:3      | Noticed Natasha
  3622 | D:3      | Killed Natasha
  3684 | Sewer    | Entered a sewer
  3964 | Sewer    | Gained mutation: You have a pair of small horns on your
                  | head. [demonic ancestry]
  3964 | Sewer    | Reached XP level 6. HP: 25/48 MP: 10/10
  4359 | Sewer    | Slain by a kobold brigand

Illustrated notes

Levels and vault maps discovered:
D:1:      minmay_arrival_checkered_box, layout_basic, basic_ecumenical_altar,
          st_stairs_8
D:2:      layout_basic, uniq_jessica, uniq_robin
D:3:      layout_basic, nicolae_wu_jian_wuxing_cycle,
          mainiacjoe_overflow_24_doors, cheibrodos_sewer_entry_drain,
          serial_shops, shop, uniq_natasha
Sewer:    sewer_co_tree

Skill      XL: |  1  2  3  4  5 |
---------------+----------------+-----
Transmutations | 1 |  1.0
Fighting       | 1 2 3 |  3.9
Earth Magic    | 3 |  3.7
Conjurations   | 1 2 |  2.0
Spellcasting   | 3 |  3.2
Dodging        | |  1.7
Stealth        | |  1.7

Action                   |  1- 3 |  4- 6 || total
-------------------------+-------+-------++-------
Melee: Dagger            |    66 |       ||    66
       Unarmed           |     3 |       ||     3
       Punch             |     1 |       ||     1
       Rapier            |    22 |    18 ||    40
       Club              |       |    93 ||    93
       Headbutt          |       |     5 ||     5
 Cast: Sandblast         |    28 |    11 ||    39
       Stone Arrow       |       |     8 ||     8
  Use: Scroll            |       |     2 ||     2
       Potion            |       |     1 ||     1
 Stab: Sleeping          |     4 |     1 ||     5
Armor: Robe              |    30 |    16 ||    46
Dodge: Dodged            |    86 |    62 ||   148
Block: Other             |     2 |    19 ||    21
